 Dungeon Crawl Stone Soup version 0.23.2-1-ga50397a (webtiles) character file.

Game seed: 7530082025621473845

9711 Kairos the Cruncher (level 11, -4/84 HPs)
             Began as a Formicid Fighter on Apr 17, 2019.
             Was a High Priest of Okawaru.
             Slain by Gastronok (33 damage)
             ... on level 1 of the Lair of Beasts.
             The game lasted 00:21:02 (9346 turns).

Kairos the Cruncher (Formicid Fighter)              Turns: 9346, Time: 00:21:03

Health: -4/84      AC: 13    Str: 27    XL:     11   Next: 79%
Magic:  12/12      EV: 10    Int: 18    God:    Okawaru [*****.]
Gold:   528        SH: 17    Dex: 16    Spells: 7/10 levels left

rFire    + . .     SeeInvis +   L - +8 quarterstaff "Qoischewo" {chaos, Dex+6}
rCold    + + .     Gourm    .   c - +0 shield
rNeg     . . .     Faith    .   j - +1 chain mail
rPois    +         Spirit   .   (helmet unavailable)
rElec    .         Reflect  .   k - scarf {rC+ rF+}
rCorr    .         Harm     +   J - +0 pair of gloves
MR       +....                  (no boots)
Stlth    ..........             b - amulet of the Evening {Harm *Drain rC+ Int+7 Stlth+}
HPRegen  0.24/turn              Q - ring of poison resistance
MPRegen  0.13/turn              r - +4 ring of strength

@: no status effects
A: permanent stasis, dig shafts and tunnels, four strong arms, antennae 3, large
bone plates 1, clever 1, wild magic 1
a: Dig, Shaft Self, Heroism, Finesse, Renounce Religion


You were on level 1 of the Lair of Beasts.
You worshipped Okawaru.
Okawaru was extremely pleased with you.
You were not hungry.

You visited 3 branches of the dungeon, and saw 10 of its levels.
You also visited: Sewer.

You collected 528 gold pieces.

Inventory:

Hand Weapons
 a - a +1 quarterstaff
 h - the +4 hand axe of Guile {freeze, *Slow rPois Int+6 Dex+4}
   (You found it on level 4 of the Dungeon)

   It has been specially enchanted to freeze those struck by it, causing extra
   injury to most foes and up to half again as much damage against particularly
   susceptible opponents.
   It can also slow down cold-blooded creatures.
   It affects your intelligence (+6).
   It affects your dexterity (+4).
   It protects you from poison.
   It may slow you when you take damage.
 p - a +2 halberd of holy wrath
 E - the +6 whip of Udgho Pae {venom, -Tele rF++ rN+ Str-4}
   (You took it off an orc on level 8 of the Dungeon)

   It poisons the flesh of those it strikes.
   It affects your strength (-4).
   It greatly protects you from fire.
   It protects you from negative energy.
   It prevents most forms of teleportation.
 F - a +0 glaive of protection
 H - the cursed +1 glaive of Subterfuge {antimagic, *Corrode rPois Str+2}
   (You took it off an orc on level 8 of the Dungeon)

   It reduces the magical energy of the wielder, and disrupts the spells and
   magical abilities of those hit.
   Natural abilities and divine invocations are not affected.
   It affects your strength (+2).
   It protects you from poison.
   It may corrode you when you take damage.
   It has a curse placed upon it.
 L - the +8 quarterstaff "Qoischewo" (weapon) {chaos, Dex+6}
   (Okawaru gifted it to you on level 7 of the Dungeon)

   Each time it hits an enemy it has a different, random effect.
   It affects your dexterity (+6).
Missiles
 w - 6 tomahawks of returning (quivered)
Armour
 c - a +0 shield (worn)
 j - a +1 chain mail (worn)
 k - a scarf of resistance (worn)
 G - a scarf of cloud immunity
 J - a +0 pair of gloves (worn)
Jewellery
 b - the amulet of the Evening (around neck) {Harm *Drain rC+ Int+7 Stlth+}
   (You found it on level 6 of the Dungeon)

   [amulet of harm]

   It increases damage dealt and taken.
   It affects your intelligence (+7).
   It protects you from cold.
   It causes draining when unequipped.
   It makes you more stealthy.
 e - an uncursed ring of fire
 l - an uncursed amulet of guardian spirit
 r - a +4 ring of strength (right hand)
 z - an uncursed ring of protection from cold
 A - an uncursed ring of protection from fire
 D - an uncursed ring of resist corrosion
 N - an uncursed ring of positive energy
 O - the ring "Tinanti" {Ice *Slow rElec rPois Int+2}
   (You found it on level 7 of the Dungeon)

   [ring of ice]

   It enhances your ice magic.
   It affects your intelligence (+2).
   It makes you vulnerable to fire.
   It protects you from cold.
   It insulates you from electricity.
   It protects you from poison.
   It may slow you when you take damage.
 Q - a ring of poison resistance (left hand)
Wands
 s - a wand of polymorph (19)
 I - a wand of digging (1)
 P - a wand of clouds (2)
Scrolls
 g - 3 scrolls of amnesia
 i - 2 scrolls of remove curse
 y - a scroll of blinking {unknown}
 B - a scroll of fear {unknown}
 C - a scroll of magic mapping
 K - a scroll of identify
Potions
 d - 4 potions of might
 m - 2 potions of invisibility
 n - 3 potions of brilliance
 o - 2 potions of heal wounds
 q - a potion of haste {unknown}
 t - 2 potions of ambrosia
 u - a potion of mutation
 v - a potion of agility {unknown}
 x - a potion of cancellation {unknown}
 M - 4 potions of curing
Comestibles
 f - 15 rations


   Skills:
 + Level 7.6 Fighting
 + Level 1.5(7.6) Polearms
 + Level 11.5(11.6) Staves
 + Level 8.2 Armour
 + Level 2.5 Dodging
 + Level 0.4 Stealth
 + Level 11.2 Shields
 + Level 1.8 Invocations
 + Level 0.1 Evocations


You had 7 spell levels left.
You knew the following spells:

 Your Spells              Type           Power        Failure   Level  Hunger
a - Regeneration          Chrm/Necr      #.........   98%         3    ####...

Your spell library contained the following spells:

 Spells                   Type           Power        Failure   Level  Hunger
 Animate Skeleton         Necr           N/A          78%         1    ##.....
 Beastly Appendage        Tmut           #.....       78%         1    ##.....
 Pain                     Necr           #...         78%         1    ##.....
 Sticks to Snakes         Tmut           #.......     89%         2    ###....
 Spider Form              Tmut/Pois      #.........   98%         3    ####...
 Vampiric Draining        Necr           #.........   98%         3    ####...
 Animate Dead             Necr           N/A          100%        4    #####..
 Ice Form                 Ice/Tmut       #.......     100%        4    #####..
 Blade Hands              Tmut           #.........   100%        5    ######.


Dungeon Overview and Level Annotations

Branches:
Dungeon (8/15)             Temple (1/1) D:6            Lair (1/6) D:8

Altars:
Ashenzari
Cheibriados
Fedhas
Kikubaaqudgha
Makhleb
Nemelex Xobeh
Okawaru
Qazlal
Ru
Sif Muna
Trog
Wu Jian
Yredelemnul
Zin
The Shining One

Shops:
D:7 *

Annotations:
Lair:1 exclusion: 2 oklob plants, Gastronok


Innate Abilities, Weirdness & Mutations

You cannot be hasted, slowed, berserked, paralysed or teleported.
You can dig through walls and to a lower floor.
Your four strong arms can wield two-handed weapons with a shield.
You have a pair of large antennae on your head. (SInv)
You are partially covered in large bone plates. (SH +4)
Your mind is acute. (Int +2)
Your spells are a little harder to cast, but a little more powerful.


Message History

Gastronok is lightly wounded.
Gastronok bites you!!!
Ouch! That really hurt!
You are too injured to fight recklessly!
You are too injured to fight recklessly!
You are too injured to fight recklessly!
Unknown command.
Okay, then.
Evoke which item? (* to show all) (? for menu, Esc to quit)
Aiming: Cloud Cone
Press: ? - help, Dir - move target cursor, f - Gastronok
Aim: Gastronok, wearing a +0 hat (lightly wounded, berserk, fast, unusually strong, poisoned, covering ground quickly)
You create a blast of freezing vapour!
Gastronok is engulfed in freezing vapours.
You block Gastronok's attack.
Gastronok is engulfed in freezing vapours.
There is a stone staircase leading down here.
You see here a scorched flail.
Gastronok looks more healthy.
Gastronok bites you!!
You die...

... #. . ....#. .#
....#!#######.## #P....#...%...#
. #.[..%.......#..
#............... ........###
#..............
........#.#####..wP.P.........
............###.@##).P.####..#
.................##.>#.##P...# ##
.................##.........###P#
.............#...##..............
......................###...#.#..
.............#..###...##P........
.............#..# ###............
........#....#..# #.##.........
........#...##..# #####........


You could see Gastronok (berserk).

Vanquished Creatures
  The ghost of DungeonDestroyer the Quickloader, a novice GnHu of Gozag (D:7)
  The ghost of DungeonDestroyer the Magician, a novice GnSk of Okawaru (D:7)
  The ghost of ThereIsNoGod the Cruncher, a novice DsGl of Hepliaklqana (D:7)
  The ghost of grocchini the Ruffian, a novice DrMo of Makhleb (D:7)
  A deep elf mage (D:8)
  Maurice (D:8)
  2 trolls (D:8)
  Prince Ribbit (D:7)
  A vampire (D:8)
  A wyvern (Lair:1)
  Eustachio (D:4)
  4 yaks (D:8)
  2 basilisks (D:8)
  Grum (D:8)
  4 porcupines
  Duvessa (D:4)
  2 ice beasts
  2 sky beasts
  4 orc warriors (D:8)
  A black bear (D:8)
  4 wolves (D:8)
  5 ogres
  A centaur (D:8)
  3 crocodiles
  Blork the orc (D:4)
  4 bullfrogs
  A big kobold (D:8)
  A gnoll sergeant (D:6)
  A wyvern zombie (D:8)
  Dowan (D:4)
  3 scorpions
  3 killer bees
  A quasit (D:7)
  4 howler monkeys
  2 crimson imps
  A centaur zombie (D:5)
  4 hounds
  3 orc priests
  3 bullfrog skeletons
  A gnoll shaman (D:6)
  A jelly (D:8)
  11 orc wizards
  2 iguanas
  6 worker ants
  3 hound skeletons
  14 gnolls
  19 adders
  2 howler monkey skeletons
  3 oozes
  An adder skeleton (D:5)
  4 worms
  2 dart slugs
  5 leopard geckos
  29 orcs
  10 ball pythons
  17 bats
  4 giant cockroaches
  4 goblins
  9 hobgoblins
  23 jackals
  5 kobolds
  5 quokkas
  4 frilled lizards
  A giant cockroach zombie (D:6)
  A jackal zombie (D:6)
  8 rats
273 creatures vanquished.

Vanquished Creatures (others)
  6 bushes (D:8)
  27 plants
33 creatures vanquished.

Grand Total: 306 creatures vanquished

Notes
Turn   | Place    | Note
-------+----------+-------------------------------------------
     0 | D:1      | Kairos the Formicid Fighter began the quest for the Orb.
     0 | D:1      | Reached XP level 1. HP: 18/18 MP: 1/1
   182 | D:1      | Reached XP level 2. HP: 20/24 MP: 2/2
   273 | D:1      | Reached XP level 3. HP: 29/29 MP: 3/3
   786 | D:2      | Reached XP level 4. HP: 35/35 MP: 4/4
   937 | D:2      | Reached skill level 1 in Dodging
  1631 | D:3      | Reached XP level 5. HP: 39/41 MP: 5/5
  1993 | D:3      | Found a deep blue altar of Sif Muna.
  2000 | D:3      | Found a blossoming altar of Fedhas.
  2096 | D:4      | Noticed Blork the orc
  2112 | D:4      | Killed Blork the orc
  2112 | D:4      | Reached XP level 6. HP: 47/48 MP: 4/6
  2174 | D:4      | Found a glowing silver altar of Zin.
  2174 | D:4      | Found a snail-covered altar of Cheibriados.
  2174 | D:4      | Found a burning altar of Makhleb.
  2175 | D:4      | Found a sacrificial altar of Ru.
  2187 | D:4      | Noticed Duvessa
  2187 | D:4      | Noticed Dowan
  2213 | D:4      | Killed Duvessa
  2213 | D:4      | Reached skill level 5 in Shields
  2221 | D:4      | Killed Dowan
  2221 | D:4      | Reached XP level 7. HP: 29/54 MP: 4/7
  2233 | D:4      | Got a shimmering hand axe
  2234 | D:4      | Identified the +4 hand axe of Guile {freeze, *Slow rPois
                  | Int+6 Dex+4} (You found it on level 4 of the Dungeon)
  2301 | D:4      | Noticed Eustachio
  2363 | D:4      | Killed Eustachio
  2363 | D:4      | Reached skill level 5 in Staves
  2543 | D:4      | Gained mutation: Your spells are a little harder to cast,
                  | but a little more powerful. [potion of mutation]
  2543 | D:4      | Gained mutation: Your mind is acute. (Int +2) [potion of
                  | mutation]
  2543 | D:4      | Gained mutation: You are partially covered in large bone
                  | plates. (SH +4) [potion of mutation]
  3482 | D:3      | Found an ancient bone altar of Kikubaaqudgha.
  3781 | D:3      | Found a bloodstained altar of Trog.
  3911 | D:5      | Entered Level 5 of the Dungeon
  3981 | D:5      | Reached XP level 8. HP: 61/61 MP: 8/8
  4103 | D:5      | Reached skill level 5 in Armour
  4116 | D:5      | Found a shattered altar of Ashenzari.
  4760 | D:6      | Found a staircase to the Ecumenical Temple.
  4770 | Temple   | Entered the Ecumenical Temple
  4794 | Temple   | Became a worshipper of Warmaster Okawaru
  4854 | D:6      | Reached skill level 5 in Fighting
  4870 | D:6      | Got a scintillating golden amulet
  4873 | D:6      | Identified the amulet of the Evening {Harm *Drain rC+ Int+7
                  | Stlth+} (You found it on level 6 of the Dungeon)
  4965 | D:6      | Found a glowing drain.
  4998 | D:6      | Reached XP level 9. HP: 47/68 MP: 9/9
  5114 | Sewer    | Entered a sewer
  5308 | D:6      | Reached * piety under Okawaru
  5518 | D:6      | Learned a level 3 spell: Regeneration
  6238 | D:7      | Noticed Prince Ribbit
  6251 | D:7      | Killed Prince Ribbit
  6264 | D:7      | Found a glowing golden altar of the Shining One.
  6266 | D:7      | Noticed an angel
  6275 | D:7      | Found a basalt altar of Yredelemnul.
  6450 | D:7      | Found a runed translucent gate.
  6451 | D:7      | Noticed DungeonDestroyer's ghost (novice GnSk)
  6452 | D:7      | Found a runed translucent gate.
  6452 | D:7      | Found a runed translucent gate.
  6452 | D:7      | Noticed ThereIsNoGod's ghost (novice DsGl)
  6452 | D:7      | Noticed DungeonDestroyer's ghost (novice GnHu)
  6452 | D:7      | Noticed grocchini's ghost (novice DrMo)
  6871 | D:7      | Found Errukhli's General Store.
  7009 | D:8      | Noticed Maurice
  7025 | D:7      | Reached ** piety under Okawaru
  7066 | D:8      | Killed Maurice
  7066 | D:8      | Reached XP level 10. HP: 70/76 MP: 10/10
  7314 | D:8      | Identified the +6 whip of Udgho Pae {venom, -Tele rF++ rN+
                  | Str-4}
  7821 | D:8      | Reached *** piety under Okawaru
  7821 | D:8      | Reached skill level 1 in Invocations
  7891 | D:8      | Noticed a deep elf mage
  7893 | D:8      | Killed a deep elf mage
  8019 | D:8      | Reached **** piety under Okawaru
  8019 | D:8      | Reached skill level 10 in Shields
  8112 | D:8      | Identified the cursed +1 glaive of Subterfuge {antimagic,
                  | *Corrode rPois Str+2}
  8133 | D:8      | Noticed Grum
  8180 | D:8      | Reached skill level 10 in Staves
  8198 | D:8      | Killed Grum
  8198 | D:8      | Reached XP level 11. HP: 47/83 MP: 9/12
  8556 | D:8      | Reached ***** piety under Okawaru
  8591 | D:8      | Found a staircase to the Lair.
  9025 | D:7      | Killed ThereIsNoGod's ghost
  9029 | D:7      | Killed DungeonDestroyer's ghost
  9029 | D:7      | Received a gift from Okawaru
  9058 | D:7      | Killed DungeonDestroyer's ghost
  9058 | D:7      | Reached skill level 1 in Polearms
  9063 | D:7      | Killed grocchini's ghost
  9066 | D:7      | Got an encrusted quarterstaff {god gift}
  9067 | D:7      | Identified the +8 quarterstaff "Qoischewo" {chaos, Dex+6}
                  | (Okawaru gifted it to you on level 7 of the Dungeon)
  9095 | D:7      | Got a wavering jade ring
  9100 | D:7      | Identified the ring "Tinanti" {Ice *Slow rElec rPois Int+2}
                  | (You found it on level 7 of the Dungeon)
  9182 | Lair:1   | Entered Level 1 of the Lair of Beasts
  9194 | Lair:1   | Noticed an oklob plant
  9195 | Lair:1   | Noticed an oklob plant
  9325 | Lair:1   | Noticed Gastronok
  9346 | Lair:1   | Slain by Gastronok

Skill      XL: |  1  2  3  4  5  6  7  8  9 10 11 |
---------------+----------------------------------+-----
Shields        | 4 5 6 7 9 10 11 | 11.2
Staves         | 3 4 5 6 8 10 11 | 11.5
Dodging        | 1 2 |  2.5
Armour         | 4 5 6 7 8 |  8.2
Fighting       | 4 5 6 7 |  7.6
Invocations    | 1 |  1.8
Polearms       | 1 |  1.5
Stealth        | |  0.4
Evocations     | |  0.1

Action                   |  1- 3 |  4- 6 |  7- 9 | 10-12 || total
-------------------------+-------+-------+-------+-------++-------
Melee: Quarterstaff      |   100 |   154 |   560 |   332 ||  1146
       Halberd           |       |       |       |    22 ||    22
Invok: Heroism           |       |       |       |     9 ||     9
 Abil: Dig               |       |     1 |     9 |     7 ||    17
Evoke: Wand              |       |       |       |     2 ||     2
  Use: Scroll            |     4 |     2 |    10 |       ||    16
       Potion            |       |     3 |     3 |       ||     6
  Eat: Chunk             |       |     4 |    11 |     7 ||    22
       Ration            |       |       |     2 |     1 ||     3
Armor: Scale mail        |    39 |       |       |       ||    39
       Chain mail        |     7 |    78 |   162 |    77 ||   324
Dodge: Dodged            |    37 |    38 |   103 |    55 ||   233
Block: Shield            |    53 |    75 |   413 |   240 ||   781
